 Dungeon Crawl Stone Soup version 0.30.2 (webtiles) character file.

Game seed: 3161575530909396003

64 porpoise the Chopper (level 4, 0/38 HPs)
             Began as a Gnoll Reaver on Apr 6, 2024.
             Slain by a gnoll bouda
             ... wielding a +0 whip
              (8 damage)
             ... on level 3 of the Dungeon.
             The game lasted 00:05:25 (1927 turns).

porpoise the Chopper (Gnoll Reaver)                 Turns: 1927, Time: 00:05:26

Health: 0/38       AC:  5    Str: 13    XL:     4   Next: 12%
Magic:  11/11      EV: 11    Int: 12    God:
Gold:   118        SH:  0    Dex: 11    Spells: 12/13 levels left

rFire   . . .        a - +0 dagger (venom)
rCold   . . .        (no shield)
rNeg    . . .        l - +0 ring mail
rPois   .            (no helmet)
rElec   .            (no cloak)
rCorr   .            (no gloves)
SInv    .            (no boots)
Will    .....        (no amulet)
Stlth   +            n - ring of flight
HPRegen 0.26/turn    (no ring)
MPRegen 0.12/turn

%: no passive effects
@: weakened, flying
A: fangs 1, strong nose, distributed training
a: no special abilities


You were on level 3 of the Dungeon.
You visited 1 branch of the dungeon, and saw 3 of its levels.

You collected 118 gold pieces.

Inventory:

Hand Weapons
 a - a +0 dagger of venom (weapon)
 b - a +1 heavy mace
 w - a +0 hand axe
Missiles
 c - 17 stones
Armour
 k - a +0 leather armour
 l - a +0 ring mail (worn)
Jewellery
 f - an amulet of faith
 n - a ring of flight (left hand)
Wands
 o - a wand of paralysis (5)
Scrolls
 d - 5 scrolls of identify
 e - a scroll of amnesia {unknown}
 g - a scroll of immolation
 i - a scroll of enchant armour {unknown}
 j - a scroll of brand weapon {unknown}
 p - 2 scrolls of fog {unknown}
Potions
 h - a potion of curing
 m - a potion of cancellation {unknown}
 q - a potion of might {unknown}


   Skills:
 + Level 4.6 Fighting
 + Level 1.1 Short Blades
 + Level 1.1 Long Blades
 + Level 6.6 Axes
 + Level 1.1 Maces & Flails
 + Level 1.1 Polearms
 + Level 1.1 Staves
 + Level 1.1 Ranged Weapons
 + Level 1.1 Throwing
 + Level 1.1 Armour
 + Level 4.6 Dodging
 + Level 1.1 Stealth
 + Level 1.1 Shields
 + Level 1.1 Unarmed Combat
 + Level 5.0 Spellcasting
 + Level 5.4 Conjurations
 + Level 0.8 Hexes
 + Level 0.8 Summonings
 + Level 0.8 Necromancy
 + Level 0.8 Translocations
 + Level 0.8 Transmutations
 + Level 0.8 Fire Magic
 + Level 0.8 Ice Magic
 + Level 0.8 Air Magic
 + Level 0.8 Earth Magic
 + Level 0.8 Poison Magic
 + Level 1.2 Invocations
 + Level 1.1 Evocations


You had 12 spell levels left.
You knew the following spells:

 Your Spells              Type           Power      Damage    Failure   Level
a - Kiss of Death         Conj/Necr      40%        2d8       12%         1

Your spell library contained the following spells:

 Spells                   Type           Power      Damage    Failure   Level
 Momentum Strike          Conj/Tloc      20%        3d8       17%         2
 Hailstorm                Conj/Ice       10%        3d5       34%         3
 Stone Arrow              Conj/Erth      20%        3d8       34%         3
 Animate Armour           Summ/Erth      10%        N/A       96%         4
 Lehudib's Crystal Spear  Conj/Erth      5%         10d3      100%        8


Dungeon Overview and Level Annotations

Branches:
Dungeon (3/15)

Altars:
Xom


Innate Abilities, Weirdness & Mutations

You have very sharp teeth.
Your uncanny sense of smell can sniff out nearby items.
Your experience applies equally to all skills.


Message History

You tear a large gash into the net.
The gnoll hits you but does no damage.
You struggle against the net.
The gnoll hits you with a +0 spear.
The gnoll hits you from afar with a +0 spear.
You rip the net and break free!
The gnoll hits you with a +0 spear.
You barely miss the gnoll. The gnoll hits you with a +0 spear!
You hit the gnoll.
The gnoll is poisoned.
The gnoll is lightly wounded.
The gnoll bouda gazes fiercely through you!
You feel your attacks grow feeble. The gnoll hits you with a +0 spear.
You hit the gnoll. You bite the gnoll, but do no damage.
The gnoll is moderately wounded.
The gnoll hits you with a +0 spear.
The gnoll bouda hits you with a +0 whip.
You hit the gnoll but do no damage.
The gnoll looks as sick as possible!
You bite the gnoll, but do no damage.
The gnoll is heavily wounded.
The gnoll bouda barely misses you. The gnoll misses you.
You barely miss the gnoll.
The gnoll is heavily wounded.
The gnoll bouda gazes fiercely through you!
You feel as though you will be weak longer.
The gnoll bouda hits you but does no damage.
The gnoll hits you with a +0 spear.
You hit the gnoll but do no damage.
The gnoll looks as sick as possible!
The gnoll is heavily wounded.
You closely miss the gnoll.
The gnoll is severely wounded.
The gnoll bouda hits you but does no damage.
The gnoll hits you with a +0 spear.
* * * LOW HITPOINT WARNING * * *
You hit the gnoll but do no damage.
The gnoll is almost dead.
The gnoll hits you with a +0 spear.
* * * LOW HITPOINT WARNING * * *
You hit the gnoll.
You kill the gnoll!
The gnoll is no longer moving quickly.
The gnoll bouda hits you with a +0 whip!
You die...

..≈._..........#
..≈............#
..≈≈≈≈.........###
..................
.......###.##########.∆∆
≈≈≈≈≈..# #.(.<........
≈≈≈≈≈..# ####..#####. .
.......# ##.### ...
.......# #.)@###.....
......## ###gg.gS?...
#.....# ####g.####
#.....# ..# #.....# ...
##.


You could see a gnoll bouda, 3 gnolls and a ball python.

Vanquished Creatures
  2 gnolls
  An adder (D:2)
  A worm (D:2)
  4 dart slugs
  6 endoplasms
  4 goblins
  A hobgoblin (D:2)
  3 quokkas
  2 ball pythons
  4 bats
  3 frilled lizards
  4 kobolds
  A rat (D:1)
36 creatures vanquished.

Notes
Turn   | Place    | Note
-------+----------+-------------------------------------------
     0 | D:1      | porpoise the Gnoll Reaver began the quest for the Orb.
     0 | D:1      | Reached XP level 1. HP: 20/20 MP: 6/6
   229 | D:1      | Reached XP level 2. HP: 26/26 MP: 7/7
   253 | D:1      | Found a faded altar of an unknown god.
   424 | D:1      | Reached skill level 5 in Spellcasting
   424 | D:1      | Reached XP level 3. HP: 21/31 MP: 7/9
  1121 | D:2      | Reached skill level 1 in Invocations
  1215 | D:2      | Reached skill level 1 in Short Blades
  1215 | D:2      | Reached skill level 1 in Long Blades
  1215 | D:2      | Reached skill level 1 in Maces & Flails
  1215 | D:2      | Reached skill level 1 in Polearms
  1215 | D:2      | Reached skill level 1 in Staves
  1215 | D:2      | Reached skill level 1 in Ranged Weapons
  1215 | D:2      | Reached skill level 1 in Throwing
  1215 | D:2      | Reached skill level 1 in Armour
  1215 | D:2      | Reached skill level 1 in Stealth
  1215 | D:2      | Reached skill level 1 in Shields
  1215 | D:2      | Reached skill level 1 in Unarmed Combat
  1215 | D:2      | Reached skill level 1 in Evocations
  1455 | D:2      | Reached XP level 4. HP: 38/38 MP: 11/11
  1860 | D:3      | Found a shimmering altar of Xom.
  1927 | D:3      | Slain by a gnoll bouda

Illustrated notes

Levels and vault maps discovered:
D:1:      roderic_crop_circles_arrival_small, layout_loops_corners,
          hellmonk_ecumenical_altar_blasted, dk_noncrumbling_4
D:2:      layout_loops_ring
D:3:      layout_basic, mainiacjoe_overflow_chevrons,
          chequers_serial_rivers_micro_a

Skill      XL: |  1  2  3 |
---------------+----------+-----
Spellcasting   | 5 |  5.0
Invocations    | 1 |  1.2
Short Blades   | 1 |  1.1
Long Blades    | 1 |  1.1
Maces & Flails | 1 |  1.1
Polearms       | 1 |  1.1
Staves         | 1 |  1.1
Ranged Weapons | 1 |  1.1
Throwing       | 1 |  1.1
Armour         | 1 |  1.1
Stealth        | 1 |  1.1
Shields        | 1 |  1.1
Unarmed Combat | 1 |  1.1
Evocations     | 1 |  1.1
Fighting       | |  4.6
Axes           | |  6.6
Dodging        | |  4.6
Conjurations   | |  5.4
Hexes          | |  0.8
Summonings     | |  0.8
Necromancy     | |  0.8
Translocations | |  0.8
Transmutations | |  0.8
Fire Magic     | |  0.8
Ice Magic      | |  0.8
Air Magic      | |  0.8
Earth Magic    | |  0.8
Poison Magic   | |  0.8

Action                     |  1- 3 |  4- 6 || total
---------------------------+-------+-------++-------
  Melee: Dagger            |   101 |    21 ||   122
         Hand axe          |     3 |       ||     3
         Bite              |     9 |     5 ||    14
         Punch             |       |     1 ||     1
    Use: Scroll            |     1 |       ||     1
   Stab: Sleeping          |     1 |       ||     1
 Armour: Leather armour    |     5 |       ||     5
         Ring mail         |    25 |     5 ||    30
  Dodge: Dodged            |    45 |     8 ||    53
